 Dungeon Crawl Stone Soup version 0.31.0-9-g3a7656b989 (webtiles) character file.

Game seed: 14429411424745116202

134 ChrisAssaf the Ruffian (level 5, 0/24 HPs)
             Began as a Human Shapeshifter on Jan 25, 2024.
             Slain by a river rat (6 damage)
             ... in a sewer.
             The game lasted 00:05:45 (1080 turns).

ChrisAssaf the Ruffian (Human Shapeshifter)         Turns: 1080, Time: 00:05:46

Health: 0/24       AC:  0    Str: 16    XL:     5   Next: 17%
Magic:  5/5        EV: 16    Int: 11    God:
Gold:   69         SH:  0    Dex: 12    Spells: 4/4 levels left

rFire   + .          .
                       - Unarmed
rCold   x . .        (shield currently unavailable)
rNeg    . . .        a - melded +0 animal skin
rPois   .            (no helmet)
rElec   .            (no cloak)
rCorr   .            (no gloves)
SInv    .            (no boots)
Will    .....        (no amulet)
Stlth   +            h - ring of fire
HPRegen 0.24/turn    (no ring)
MPRegen 0.09/turn

%: no passive effects
@: lethally poisoned (0 -> -9), flux-form, glowing, very slow
A: glow, contaminating, reduced hp, explore regen
a: Begin Untransformation


You were in a sewer.
You were something dangerously unstable.
You visited 1 branch of the dungeon, and saw 4 of its levels.
You also visited: Sewer.

You collected 69 gold pieces.

Inventory:

Missiles
 e - 4 boomerangs (quivered)
Armour
 a - a +0 animal skin (melded)
Jewellery
 h - a ring of fire (left hand)
 i - a +6 ring of dexterity
Talismans
 c - a beast talisman
 d - a flux talisman (active)
Scrolls
 g - a scroll of noise
Potions
 f - a potion of magic


   Skills:
 + Level 1.3 Fighting
 * Level 1.7 Throwing
 * Level 1.1 Armour
 + Level 2.2 Dodging
 * Level 1.2 Stealth
 + Level 4.0 Unarmed Combat
 + Level 3.5 Shapeshifting


You had 4 spell levels left.
You didn't know any spells.
Your spell library was empty.

Dungeon Overview and Level Annotations

Branches:
Dungeon (4/15)              Sewer (1/1)
 Temple: D:4-7

Altars:


Innate Abilities, Weirdness & Mutations

You are something dangerously unstable.
You glow with magical radiation, making you easy to see and hit.
Foes you strike become dangerously contaminated with magical radiation.
Your maximum health is decreased, since you lack skill for your form.
You are incapable of wielding weapons or throwing items.
You regain HP and MP as you explore.


Message History

The rat squeaks loudly. x2
An adder comes into view.
A frilled lizard comes into view.
The rat twitches its whiskers.
The adder barely misses you.
You hit the adder.
The adder begins to glow.
The adder is heavily wounded.
A river rat comes into view.
The adder completely misses you.
The river rat squeaks loudly.
You hit the adder.
The adder glows dangerously bright.
The adder is almost dead.
The adder misses you.
Your unstable footing causes you to fumble your attack.
The adder bites you.
You completely miss the adder.
The adder is almost dead.
The adder barely misses you. The adder bites you.
You are poisoned.
The adder poisons you!
You barely miss the adder.
The adder is almost dead.
You feel sick. The adder barely misses you.
Your unstable footing causes you to fumble your attack.
You feel sick. The adder misses you.
Your unstable footing causes you to fumble your attack.
You feel sick.
The frilled lizard hisses angrily.
The adder bites you.
You are more poisoned.
The adder poisons you!
Your unstable footing causes you to fumble your attack.
You feel sick. The adder bites you.
You are lethally poisoned!
The adder poisons you! The river rat closely misses you.
You hit the adder.
You kill the adder!
* * * LOW HITPOINT WARNING * * *
You feel very sick. The river rat bites you.
You die...

#....~##
#~~~S≈~#
#≈≈~~≈≈#
#≈~~~l≈#
#≈≈r~≈≈#
#≈≈r≈≈≈#
#≈.~#~≈#
#≈≈#rr≈#
#≈≈≈p.≈#
#≈~≈~~≈#
#≈~~≈~≈#
#≈~~~≈≈#
#≈~~≈≈≈#
#≈~~~≈≈#
#≈≈~~≈≈#
#~~~~≈~#
##~.~~.#


You could see a river rat, a frilled lizard and 3 rats.

Vanquished Creatures
  A jelly (D:4)
  A hound (D:3)
  3 gnolls
  2 adders
  A ribbon worm (D:4)
  An orc (D:4)
  3 endoplasms
  A giant cockroach (D:4)
  4 goblins
  4 hobgoblins
  5 ball pythons
  2 bats
  2 frilled lizards
  2 kobolds
  5 rats
37 creatures vanquished.

Notes
Turn   | Place    | Note
-------+----------+-------------------------------------------
     0 | D:1      | ChrisAssaf the Human Shapeshifter began the quest for the
                  | Orb.
     0 | D:1      | Reached XP level 1. HP: 15/15 MP: 1/1
   164 | D:1      | Reached XP level 2. HP: 7/21 MP: 2/2
   389 | D:1      | HP: 1/21 [gnoll/+0 whip (5)]
   395 | D:1      | Reached XP level 3. HP: 3/26 MP: 3/3
   646 | D:3      | Reached skill level 1 in Throwing
   646 | D:3      | Reached XP level 4. HP: 21/32 MP: 4/4
   900 | D:3      | Reached skill level 1 in Stealth
  1010 | D:4      | Reached skill level 1 in Armour
  1010 | D:4      | Reached skill level 4 in Unarmed Combat
  1010 | D:4      | Reached XP level 5. HP: 37/37 MP: 5/5
  1023 | D:4      | Found a glowing drain.
  1040 | D:4      | HP: 1/24 [rat (3)]
  1049 | Sewer    | Entered a sewer
  1080 | Sewer    | Slain by a river rat

Illustrated notes

Levels and vault maps discovered:
D:1:      dpeg_arrival_stonehenge_8_columns, layout_loops_ring,
          chequers_ecumenical_altar_lobes, serial_rivers,
          chequers_serial_rivers_small_3, chequers_serial_rivers_room_b,
          chequers_serial_rivers_micro_a, chequers_serial_rivers_micro_c,
          minmay_distorted
D:2:      layout_basic, minmay_misc_feat_plants
D:3:      layout_basic, grunt_ministairs_10
D:4:      dreamdust_elfheim, layout_basic, cheibrodos_sewer_entry_drain,
          serial_bayou_crossing
Sewer:    sewer_minmay_w

Skill      XL: |  1  2  3  4 |
---------------+-------------+-----
Throwing       | 1 |  1.7
Stealth        | 1 |  1.2
Armour         | 1 |  1.1
Unarmed Combat | 4 |  4.0
Fighting       | |  1.3
Dodging        | |  2.2
Shapeshifting  | |  3.5

Action                     |  1- 3 |  4- 6 || total
---------------------------+-------+-------++-------
  Melee: Unarmed           |    72 |    52 ||   124
         Punch             |     1 |       ||     1
  Throw: Boomerang         |    11 |     9 ||    20
    Use: Scroll            |     3 |     2 ||     5
         Potion            |     3 |     2 ||     5
   Stab: Sleeping          |     1 |       ||     1
 Armour: Skin              |    15 |    27 ||    42
         Animal skin       |    11 |     7 ||    18
  Dodge: Dodged            |    63 |    35 ||    98
   Form: Flux              |     1 |     1 ||     2
         Beast             |     1 |       ||     1
